 Dungeon Crawl Stone Soup version 0.31-a0-1074-g0b22e4e0f1 (webtiles) character file.

Game seed: 3716839513729951952

1204 jasper the Carver (level 8, -3/87 HPs)
             Began as a Human Fighter on Dec 5, 2023.
             Was a Believer of Lugonu.
             Slain by a gnoll
             ... wielding a +0 halberd
             ... led by a gnoll sergeant
              (6 damage)
             ... on level 7 of the Dungeon.
             The game lasted 00:08:51 (4685 turns).

jasper the Carver (Human Fighter)                   Turns: 4685, Time: 00:08:52

Health: -3/87      AC:  9    Str: 18    XL:     8   Next: 73%
Magic:  12/12      EV:  7    Int:  8    God:    Lugonu [**....]
Gold:   422        SH:  7    Dex: 26    Spells: 7/7 levels left

rFire   . . .        a - +0 long sword
rCold   . . .        c - +1 buckler
rNeg    . . .        C - +0 chain mail
rPois   .            (no helmet)
rElec   .            (no cloak)
rCorr   .            (no gloves)
SInv    .            (no boots)
Will    .....        r - amulet of regeneration Stlth
                     l - +6 ring of dexterity
HPRegen 1.14/turn    q - +6 ring of dexterity
MPRegen 0.13/turn

%: no passive effects
@: berserking, very quick
A: no striking features
a: Renounce Religion, Depart the Abyss, Banish


You were on level 7 of the Dungeon.
You worshipped Lugonu.
Lugonu was pleased with you.
You visited 1 branch of the dungeon, and saw 7 of its levels.

You collected 422 gold pieces.

Inventory:

Hand Weapons
 a - a +0 long sword (weapon)
 f - a +0 rapier
 m - a +0 short sword
Missiles
 g - 87 stones
 u - 6 darts of dispersal
Armour
 b - a +0 scale mail
 c - a +1 buckler (worn)
 d - a +0 leather armour of cold resistance
 C - a +0 chain mail (worn)
Magical Staves
 v - the staff of Triumph {rPois rF+ rC+ rN+ SInv Fire}
   (You found it on level 4 of the Dungeon)

   [staff of fire]

   Base accuracy: +5 Base damage: 5 Base attack delay: 1.2 This weapon's minimum
   attack delay (0.6) is reached at skill level 12.
   rF+:       It protects you from fire.
   rC+:       It protects you from cold.
   rPois:     It protects you from poison rN+: It protects you from negative
   energy.
   SInv:      It lets you see invisible.
   Fire:      It increases the power of your Fire spells.
   It falls into the 'Staves' category.
   It is a one-handed weapon.
Jewellery
 l - a +6 ring of dexterity (left hand)
 q - a +6 ring of dexterity (right hand)
 r - an amulet of regeneration (around neck)
 x - a ring of ice
 E - a ring of protection from fire
Wands
 o - a wand of polymorph (8)
 D - a wand of charming (9)
Scrolls
 e - 2 scrolls of vulnerability
 y - a scroll of enchant armour
 B - 2 scrolls of teleportation
Potions
 h - a potion of berserk rage
 i - a potion of mutation
 j - a potion of ambrosia
 k - 3 potions of enlightenment
 n - 3 potions of curing
 p - 2 potions of degeneration {unknown}
 s - 3 potions of attraction {unknown}
 t - 2 potions of brilliance {unknown}
 w - a potion of haste {unknown}
 z - a potion of cancellation {unknown}
 A - 2 potions of heal wounds {unknown}


   Skills:
 - Level 3.0 Fighting
 + Level 8.7 Long Blades
 - Level 3.0 Armour
 - Level 3.0 Shields
 - Level 5.3 Invocations


You had 7 spell levels left.
You didn't know any spells.
Your spell library contained the following spells:

 Spells                   Type           Power      Damage    Failure   Level
 Foxfire                  Conj/Fire      0%         2x1d4     99%         1
 Ensorcelled Hibernation  Hex/Ice        0%         N/A       100%        2
 Passwall                 Tmut/Erth      0%         N/A       100%        2
 Swiftness                Air            0%         N/A       100%        3
 Plasma Beam              Fire/Air       0%         2x1d10    100%        6
 Starburst                Conj/Fire      0%         6d3       100%        6


Dungeon Overview and Level Annotations

Branches:
Dungeon (7/15)             Temple (0/1) D:4

Altars:
Okawaru
Lugonu

Shops:
D:4 =:[(

Portals:
Abyss: D:6

Annotations:
D:4 2 transporters, HilariousDeathArtist's ghost, amateur HOWn
D:6 2 transporters, Drain's ghost, novice HOFi


Message History

The gnoll hits you with a +0 halberd.
Items here: )) ††.
You take 14 damage, and have 39/58 hp.
MASSIVE DAMAGE!!
The gnoll attacks as it pursues you! The gnoll hits you but does no damage.
The gnoll sergeant hits you but does no damage.
The gnoll hits you from afar with a +0 halberd!
You take 6 damage, and have 33/58 hp.
The gnoll attacks as it pursues you! The gnoll hits you with a +0 flail.
The gnoll sergeant attacks as it pursues you!
The gnoll sergeant hits you but does no damage.
You take 3 damage, and have 30/58 hp.
You hit the gnoll but do no damage.
The gnoll sergeant hits you but does no damage.
The gnoll hits you but does no damage. The gnoll barely misses you. x2
The gnoll sergeant hits you with a +0 spear!
You take 9 damage, and have 22/58 hp.
You slash the gnoll!
You kill the gnoll!
Lugonu accepts your kill. The gnoll closely misses you.
The gnoll barely misses you.
The gnoll sergeant hits you with a +0 spear.
You take 3 damage, and have 19/58 hp.
You slash the gnoll sergeant!
The gnoll sergeant is heavily wounded.
The gnoll hits you from afar with a +0 halberd!
* * * LOW HITPOINT WARNING * * *
You block the gnoll's attack.
The gnoll sergeant hits you with a +0 spear.
* * * LOW HITPOINT WARNING * * *
You take 12 damage, and have 7/58 hp.
MASSIVE DAMAGE!!
A red film seems to cover your vision as you go berserk!
You feel yourself moving faster!
You feel mighty!
The gnoll hits you from afar with a +0 halberd!
* * * LOW HITPOINT WARNING * * *
The gnoll barely misses you. You block the gnoll sergeant's attack.
You now have 2/87 hp.
You barely miss the gnoll sergeant.
The gnoll sergeant is moderately wounded.
The gnoll hits you from afar with a +0 halberd.
You die...

........................ ..
....####................ ...
....#..######...............
....#.......'....#####......
....#.......#....#...#......
....#.......######...'....g.
....#........#..##...#......
....#........#.)##g..#######
....#..##...##..@gg........
....#. #...###'##.........
....# +...##..##.........
....# #..................
....# #..................
###################


You could see a gnoll sergeant and 2 gnolls.

Vanquished Creatures
  A sky beast (D:7)
  An orc warrior (D:5)
  A centaur (D:6)
  A scorpion (D:4)
  A howler monkey (D:5)
  3 jellies
  3 hounds
  2 orc priests
  An iguana (D:7)
  4 orc wizards
  3 gnolls (D:7)
  4 adders
  A shadow imp (D:5)
  2 ufetubi (D:5)
  A worm (D:2)
  A dart slug (D:3)
  20 orcs
  7 ball pythons
  6 endoplasms
  A giant cockroach (D:3)
  9 hobgoblins
  4 jackals (D:4)
  3 quokkas
  9 bats
  A frilled lizard (D:3)
  9 goblins
  9 kobolds
  5 rats
113 creatures vanquished.

Notes
Turn   | Place    | Note
-------+----------+-------------------------------------------
     0 | D:1      | jasper the Human Fighter began the quest for the Orb.
     0 | D:1      | Reached XP level 1. HP: 18/18 MP: 1/1
   187 | D:1      | Reached XP level 2. HP: 24/24 MP: 2/2
   486 | D:1      | Reached skill level 3 in Long Blades
   735 | D:2      | Reached XP level 3. HP: 29/29 MP: 3/3
   856 | D:2      | Found a faded altar of an unknown god.
   893 | D:2      | Prayed at the altar of an unknown god.
   893 | D:2      | Became a worshipper of Lugonu the Unformed
   893 | D:2      | Reached * piety under Lugonu
  1273 | D:2      | Reached skill level 4 in Long Blades
  1273 | D:2      | Reached XP level 4. HP: 35/35 MP: 4/4
  1476 | D:3      | Reached XP level 5. HP: 19/41 MP: 5/5
  1589 | D:3      | Reached skill level 5 in Long Blades
  1782 | D:3      | Reached ** piety under Lugonu
  2346 | D:4      | Identified the staff of Triumph {rPois rF+ rC+ rN+ SInv
                  | Fire}
  2381 | D:4      | Found a transporter.
  2393 | D:4      | Noticed HilariousDeathArtist's ghost (amateur HOWn)
  2408 | D:4      | Found a transporter.
  2439 | D:4      | Reached skill level 1 in Invocations
  2535 | D:4      | Found Nixzul's Jewellery Emporium.
  2542 | D:4      | Found Paugau's Book Shop.
  2734 | D:4      | Reached XP level 6. HP: 47/47 MP: 5/8
  2805 | D:4      | Found a staircase to the Ecumenical Temple.
  3094 | D:4      | Found Xiroi's Antique Armour Boutique.
  3101 | D:4      | Found Fuxel's Weapon Boutique.
  3327 | D:5      | Entered Level 5 of the Dungeon
  3411 | D:5      | Noticed an ice beast
  3414 | D:5      | Banished an ice beast
  3415 | D:5      | Reached skill level 5 in Invocations
  3415 | D:5      | Reached XP level 7. HP: 43/52 MP: 5/10
  3823 | D:5      | Reached skill level 6 in Long Blades
  4125 | D:6      | Reached XP level 8. HP: 42/58 MP: 12/12
  4176 | D:6      | Reached skill level 7 in Long Blades
  4176 | D:6      | Found a transporter.
  4188 | D:6      | Found a one-way gate to the infinite horrors of the Abyss.
  4188 | D:6      | Noticed Drain's ghost (novice HOFi)
  4265 | D:6      | Noticed an ice devil
  4267 | D:6      | Found a transporter.
  4287 | D:6      | Found an iron altar of Okawaru.
  4349 | D:7      | Reached skill level 8 in Long Blades
  4684 | D:7      | HP: 2/87 [gnoll/+0 halberd[a gnoll sergeant] (10)]
  4685 | D:7      | Slain by a gnoll

Illustrated notes

Levels and vault maps discovered:
D:1:      lemuel_arrival_rhombus, layout_loops_cross,
          corexii_item_surrounded_by_moat
D:2:      layout_basic, hellmonk_ecumenical_altar_lost_god
D:3:      layout_basic, grunt_decor_fettered
D:4:      layout_basic, minmay_temple_entry_fiery, gammafunk_ghost_stat_death,
          serial_shops, shop, shop_fountains, shop, nicolae_shop_hallway_plus,
          minmay_bisected
D:5:      layout_rooms, grunt_ministairs_5
D:6:      layout_rooms, mainiacjoe_overflow_catwalk,
          nicolae_overflow_crystal_walls, gammafunk_ghost_abyssal_escape,
          serial_co_window_serial, co_window_cross_1, co_window_paths_a,
          co_window_of_opportunity_a, co_window_paths_b,
          co_window_of_opportunity_a, co_window_paths_a, co_window_paths_c,
          co_window_corner_b, co_window_unsneaky_path_d, co_window_2corner,
          co_window_broadway_b, co_window_broadway_a, co_window_paths_d
D:7:      layout_gridville, enter_bailey_7

Skill      XL: |  1  2  3  4  5  6  7  8 |
---------------+-------------------------+-----
Long Blades    | 3 4 5 6 8 |  8.7
Invocations    | 2 5 |  5.3
Fighting       | |  3.0
Armour         | |  3.0
Shields        | |  3.0

Action                     |  1- 3 |  4- 6 |  7- 9 || total
---------------------------+-------+-------+-------++-------
  Melee: Long sword        |   100 |   141 |   127 ||   368
 Invoke: Banish            |       |     1 |     2 ||     3
    Use: Scroll            |     4 |     7 |     1 ||    12
         Potion            |       |     1 |     1 ||     2
 Armour: Scale mail        |    75 |   107 |    58 ||   240
         Chain mail        |       |       |    56 ||    56
  Dodge: Dodged            |    54 |    60 |    52 ||   166
  Block: Buckler           |    17 |    51 |    45 ||   113

Table legend: (Time is in decaauts)
 A = Elapsed time spent in this place.
 B = Non-inter-level travel time spent in this place.
 C = Inter-level travel time spent in this place.
 D = Time resting spent in this place.
 E = Time spent auto-exploring this place.
 F = Levels seen in this place.
 G = Mean time per level.
                   A        B        C        D        E       F      G
               +--------+--------+--------+--------+--------+-----+--------+
         Total |   4760 |   4605 |    155 |    207 |   3349 |   7 |  680.0 |
       Dungeon |   4760 |   4605 |    155 |    207 |   3349 |   7 |  680.0 |
               +--------+--------+--------+--------+--------+-----+--------+

Top non-repeatable levels by time:
     D:4: 1147 daAuts
     D:3: 837 daAuts
     D:1: 745 daAuts
     D:5: 705 daAuts
     D:2: 695 daAuts
     D:7: 380 daAuts
     D:6: 249 daAuts
